 Dungeon Sprint DCSS version 0.20-a0-556-g892c87b (webtiles) character file.

8 Kidiri the Magician (level 2, -5/17 HPs)
             Began as a Deep Elf Fire Elementalist on Feb 4, 2017.
             Was an Initiate of Vehumet.
             Killed from afar by a steam dragon (22 damage)
             ... with a ball of steam
             ... in the Dungeon (Sprint V: "Ziggurat Sprint").
             The game lasted 00:01:27 (131 turns).

Kidiri the Magician (Deep Elf Fire Elementalist)     Turns: 131, Time: 00:01:27

Health: -5/17      AC:  2    Str:  5    XL:     2   Next: 0%
Magic:  16/16      EV: 14    Int: 37    God:    Vehumet [......]
Gold:   0          SH:  0    Dex: 15    Spells: 11/12 levels left

rFire    . . .     SeeInvis .   m - +6 Majin-Bo {vamp, Archmagi MP+6 Int+6}
rCold    . . .     Gourm    .   a - +0 robe
rNeg     . . .     Faith    .   (shield currently unavailable)
rPois    .         Spirit   .   (no helmet)
rElec    .         Reflect  .   (no cloak)
rCorr    .         Harm     .   (no gloves)
MR       .....     NoTele   +   (no boots)
Stlth    ++........             (no amulet)
Regen    0.1/turn               B - +6 ring of intelligence
                                A - +6 ring of intelligence

@: no status effects
A: no striking features
a: Renounce Religion


You were in the Dungeon.
You worshipped Vehumet.
Vehumet was noncommittal.
You were not hungry.

You visited 1 branch

Inventory:

Hand Weapons
 m - the +6 Majin-Bo (weapon) {vamp, Archmagi MP+6 Int+6}
   (You found it in the Dungeon)

   It inflicts no extra harm, but heals its wielder when it wounds a living foe.
   It affects your intelligence (+6).
   It affects your magic capacity (+6).
Armour
 a - a +0 robe (worn)
Jewellery
 y - a +6 ring of dexterity
 z - a +6 ring of dexterity
 A - a +6 ring of intelligence (left hand)
 B - a +6 ring of intelligence (right hand)
 C - a +6 ring of strength
 D - a +6 ring of strength
Wands
 E - a wand of disintegration (7/24)
 F - a wand of iceblast (3/15)
 G - a wand of lightning (4/15)
 H - a wand of acid (5/15)
Scrolls
 i - 4 scrolls of blinking
 p - 4 scrolls of amnesia
 q - 3 scrolls of recharging
 r - 7 scrolls of fog
 s - a scroll of holy word
 t - 5 scrolls of identify
 u - 5 scrolls of remove curse
 v - 2 scrolls of fear
Potions
 d - 10 potions of curing
 e - 9 potions of heal wounds
 f - 6 potions of haste
 g - 7 potions of magic
 h - 3 potions of berserk rage
 j - 2 potions of brilliance
 k - 2 potions of invisibility
 l - 4 potions of resistance
 n - 5 potions of agility
 o - 5 potions of might
Books
 b - a book of Flames

   Spells                             Type                      Level
   a - Flame Tongue                   Conjuration/Fire             1
   b - Throw Flame                    Conjuration/Fire             2
   c - Conjure Flame                  Conjuration/Fire             3
   d - Inner Flame                    Hexes/Fire                   3
   e - Sticky Flame                   Conjuration/Fire             4
   f - Fireball                       Conjuration/Fire             5
Comestibles
 c - 5 bread rations
 w - 40 fruits
 x - 4 meat rations


   Skills:
 + Level 1.7 Fighting
 + Level 2.2 Staves
 + Level 1.8 Armour
 + Level 3.8 Dodging
 - Level 2.4 Stealth
 * Level 5.8 Spellcasting
 + Level 2.8 Conjurations
 + Level 4.4 Fire Magic


You had 11 spell levels left.
You knew the following spells:

 Your Spells              Type           Power        Failure   Level  Hunger
a - Flame Tongue          Conj/Fire      #####        1%          1    None


Dungeon Overview and Level Annotations

Branches:
Dungeon (1/1)

Altars:
Ashenzari
Cheibriados
Dithmenos
Elyvilon
Fedhas
Gozag
Hepliaklqana
Kikubaaqudgha
Makhleb
Nemelex Xobeh
Okawaru
Qazlal
Ru
Sif Muna
Trog
Uskayaw
Vehumet
Xom
Yredelemnul
Zin
The Shining One
Beogh
Jiyva
Lugonu


Message History

Unknown command.
The steam dragon bites you. The steam dragon claws you.
The steam dragon barely misses you. The steam dragon closely misses you.
Unknown command.
Evoke which item? (* to show all) (? for menu, Esc to quit)
Aiming: Lightning Bolt
Press: ? - help, Shift-Dir - straight line, p - steam dragon You hear a mighty clap of thunder!
The bolt of lightning misses the steam dragon.
The bolt of lightning hits the steam dragon.
The steam dragon is almost dead.
This wand has 4 charges left.
The steam dragon misses you. The steam dragon closely misses you.
The steam dragon misses you. The steam dragon claws you.
* * * LOW HITPOINT WARNING * * *
You feel much better. The steam dragon breathes steam at you.
The ball of steam hits you!
Ouch! That really hurt!
You die...

▓▓▓▓▓▓▓
▓.8©8.▓
▓.....▓
▓.}.).▓
▓.....▓
▓...D@▓
▓...D.▓
▓▓▓▓▓▓▓


You could see 2 steam dragons.

Vanquished Creatures (others)
  Edmund (D)
1 creature vanquished.

Notes
Turn   | Place    | Note
-------+----------+-------------------------------------------
     0 | D        | Kidiri the Deep Elf Fire Elementalist began the quest for the Orb.
     0 | D        | Reached XP level 1. HP: 10/10 MP: 6/6
     0 | D        | Found a deep blue altar of Sif Muna.
     0 | D        | Found a sacrificial altar of Ru.
     0 | D        | Found a bloodstained altar of Trog.
     0 | D        | Found a stormy altar of Qazlal.
     0 | D        | Found an iron altar of Okawaru.
     0 | D        | Found a sparkling altar of Nemelex Xobeh.
     0 | D        | Found a blossoming altar of Fedhas.
     2 | D        | Found an ancient bone altar of Kikubaaqudgha.
     2 | D        | Found a viscous altar of Jiyva.
     2 | D        | Found a corrupted altar of Lugonu.
     2 | D        | Found a hazy altar of Hepliaklqana.
     2 | D        | Found a burning altar of Makhleb.
     2 | D        | Found an opulent altar of Gozag.
     8 | D        | Killed Edmund
    43 | D        | Reached skill level 1 in Fighting
    43 | D        | Reached skill level 1 in Armour
    43 | D        | Reached skill level 5 in Spellcasting
    43 | D        | Reached XP level 2. HP: 17/17 MP: 6/10
    73 | D        | Became a worshipper of Vehumet
   124 | D        | Entered arena 1.
   124 | D        | Noticed a steam dragon
   124 | D        | Noticed a steam dragon
   131 | D        | Killed from afar by a steam dragon

Vault maps used:
D:        sprint_v

Skill      XL: |  1 |
---------------+----+-----
Fighting       | 1 |  1.7
Staves         | 2 |  2.2
Armour         | 1 |  1.8
Dodging        | 3 |  3.8
Spellcasting   | 5 |  5.8
Conjurations   | 2 |  2.8
Fire Magic     | 4 |  4.4
Stealth        | |  2.4

Action                   || total
-------------------------++-------
Evoke: Wand              ||     3
  Use: Potion            ||     2
  Eat: Fruit             ||     2
Dodge: Dodged            ||     7
